 Dungeon Crawl Stone Soup version 0.29-a0-664-gff9cad4a3d (webtiles) character file.

Game seed: 17747649249631721220

385 buhh the Bolt Thrower (level 7, -10/56 HPs)
             Began as a Formicid Hunter on June 22, 2022.
             Shot with an arrow by a centaur warrior (22 damage)
             ... on level 13 of the Dungeon.
             The game lasted 00:11:13 (4103 turns).

buhh the Bolt Thrower (Formicid Hunter)             Turns: 4103, Time: 00:11:14

Health: -10/56     AC:  3    Str: 19    XL:     7   Next: 6%
Magic:  7/7        EV: 12    Int: 13    God:
Gold:   214        SH:  0    Dex: 15    Spells: 6/6 levels left

rFire   . . .      SeeInvis +   a - +1 hand crossbow
rCold   . . .      Faith    .   (no shield)
rNeg    . . .      Spirit   .   b - +0 leather armour
rPois   .          Reflect  .   (helmet unavailable)
rElec   .          Harm     .   (no cloak)
rCorr   .          Rampage  .   (no gloves)
Will    .....                   (no boots)
Stlth   ++........              (no amulet)
HPRegen 0.18/turn               (no ring)
MPRegen 0.10/turn               (no ring)

@: no status effects
A: permanent stasis, dig shafts and tunnels, antennae 3, four strong arms,
clever 1, strong 1
a: Dig, Shaft Self


You were on level 13 of the Dungeon.
You visited 1 branch of the dungeon, and saw 9 of its levels.

You collected 214 gold pieces.

Inventory:

Hand Weapons
 a - a +1 hand crossbow (weapon)
Missiles
 e - a throwing net {!f}
 m - 4 poisoned darts
Armour
 b - a +0 leather armour (worn)
Scrolls
 d - 2 scrolls of teleportation {unknown}
 h - a scroll of poison {unknown}
 j - 4 scrolls of identify {unknown}
 n - 2 scrolls of enchant armour {unknown}
 o - 4 scrolls of vulnerability {unknown}
 p - a scroll of enchant weapon {unknown}
 T - 3 scrolls of immolation {!d}
Potions
 c - a potion of invisibility {unknown}
 f - a potion of cancellation {unknown}
 g - a potion of attraction {unknown}
 i - 2 potions of curing {unknown}
 k - a potion of lignification {unknown}
 l - a potion of heal wounds {unknown}
 U - 2 potions of mutation {!d}


   Skills:
 * Level 5.2 Fighting
 + Level 6.4 Crossbows
 - Level 1.7 Dodging
 - Level 1.2 Stealth


You had 6 spell levels left.
You didn't know any spells.
Your spell library contained the following spells:

 Spells                   Type           Power      Damage    Failure   Level
 Apportation              Tloc           0%         N/A       36%         1
 Magic Dart               Conj           0%         1d3       36%         1
 Necrotize                Necr           0%         1d4       36%         1
 Summon Small Mammal      Summ           0%         N/A       36%         1
 Searing Ray              Conj           0%         2d4       50%         2
 Fulminant Prism          Conj/Hex       0%         3d6       98%         4


Dungeon Overview and Level Annotations

Branches:
Dungeon (13/15) Zot: 26977
 Temple: D:4-7         Lair: D:8-11         Orc: D:9-12      Vaults: D:13-14

Altars:
Kikubaaqudgha

Shops:
D:2 =   D:3 *

Annotations:
D:3 1 runed translucent door, Crazy Yiuf, Sigmund
D:4 Blork the orc


Innate Abilities, Weirdness & Mutations

You cannot be hasted, slowed, berserked, paralysed or teleported.
You can dig through walls and to a lower floor.
You have a pair of large antennae on your head. (SInv)
Your four strong arms can wield two-handed weapons with a shield.
Your mind is acute. (Int +4, Str/Dex-1)
Your muscles are strong. (Str +4, Int/Dex-1)


Message History

Are you sure you want to shaft yourself?
You begin to dig a shaft.
You continue digging a shaft.
A shaft appears beneath you!
You fall into a shaft and drop 2 floors!
The shaft crumbles and collapses.
You feel a wave of frost pass over you.
There is an entrance to an ice cave on this level.
Hurry and find it before the portal melts!
Found 2 murky dark potions and a scroll labelled MUDAMI PI LYB FIBU.
Found a stone staircase leading up.
(D) Dungeon
Where to? (Enter - D:3 @ (x,y), ? - help)
There is a stone staircase leading up here.
You climb upwards.
There is a stone staircase leading down here.
(D) Dungeon
Where to? (Enter - D:12, ? - help)
Okay, then.
A slime creature comes into view.
A cyclops comes into view.
The cyclops shouts!
Found a stone staircase leading down.
The cyclops throws a large rock.
The large rock hits you!!
The cyclops throws a large rock.
The large rock barely misses you.
There is a stone staircase leading down here.
You climb downwards.
You feel a wave of frost pass over you.
There is an entrance to an ice cave on this level.
Hurry and find it before the portal melts!
The slime creature quivers.
There is a stone staircase leading up here.
Found a stone staircase leading down.
A centaur warrior and 2 vampire mosquitoes come into view.
The centaur warrior shouts!
The vampire mosquito buzzes angrily.
You hear an angry buzzing noise. x2
A vampire mosquito comes into view.
The centaur warrior wields a +0 shortbow.
The centaur warrior shoots an arrow.
The arrow hits you!!
* * * LOW HITPOINT WARNING * * *
A vampire mosquito comes into view.
The centaur warrior shoots an arrow.
The arrow hits you!!
You die...

.... .......##
....##.......
.c..........#
............# {#
............###.###
............#......
.................J.
.......@...<.J#
....y.#..#....#
y.y.. #...........
.y.. ..........#.#
..# #.#............
. ......#.####.##.
.. ####...... .# ..
......>. # ..


You could see a slime creature, a centaur warrior and 4 vampire mosquitoes.

Vanquished Creatures
  Grinder (D:3)
  A lemure (D:4)
  A bullfrog (D:3)
  A hound (D:4)
  4 adders
  6 orcs
  9 ball pythons
  5 bats
  2 endoplasms
  4 giant cockroaches
  4 goblins
  6 hobgoblins
  6 jackals
  5 kobolds
  A quokka (D:4)
  2 frilled lizards
  5 rats
63 creatures vanquished.

Vanquished Creatures (others)
  A human (D:3)
1 creature vanquished.

Grand Total: 64 creatures vanquished

Notes
Turn   | Place    | Note
-------+----------+-------------------------------------------
     0 | D:1      | buhh the Formicid Hunter began the quest for the Orb.
     0 | D:1      | Reached XP level 1. HP: 16/16 MP: 1/1
   253 | D:1      | Found a faded altar of an unknown god.
   261 | D:1      | Reached XP level 2. HP: 22/22 MP: 2/2
   903 | D:2      | Reached skill level 5 in Crossbows
   903 | D:2      | Reached XP level 3. HP: 27/27 MP: 3/3
  1093 | D:2      | Reached XP level 4. HP: 20/33 MP: 4/4
  1362 | D:3      | Noticed Sigmund
  1431 | D:3      | Found Yso Fuel's Assorted Antiques.
  1719 | D:2      | Found Ynwirgh's Jewellery Boutique.
  1900 | D:3      | Noticed Grinder
  1908 | D:4      | Noticed a bullfrog
  1952 | D:3      | Gained mutation: Your muscles are strong. (Str +4,
                  | Int/Dex-1) [potion of mutation]
  1952 | D:3      | Gained mutation: Your mind is acute. (Int +4, Str/Dex-1)
                  | [potion of mutation]
  1953 | D:3      | Killed Grinder
  1954 | D:3      | Reached skill level 6 in Crossbows
  1954 | D:3      | Reached XP level 5. HP: 6/43 MP: 5/5
  1954 | D:3      | Reached XP level 6. HP: 7/49 MP: 6/6
  2302 | D:3      | Found an ancient bone altar of Kikubaaqudgha.
  2328 | D:3      | Noticed a human
  2329 | D:3      | Killed a human
  2680 | D:3      | Found a runed translucent door.
  2681 | D:3      | Noticed Crazy Yiuf
  3252 | D:4      | Noticed Blork the orc
  3255 | D:4      | Reached XP level 7. HP: 53/56 MP: 7/7
  3261 | D:4      | You fall into a shaft and drop 2 floors!
  3718 | D:6      | You fall into a shaft and drop 2 floors!
  4051 | D:8      | Noticed a water moccasin
  4052 | D:8      | Noticed a steam dragon
  4056 | D:8      | You fall into a shaft and drop 3 floors!
  4074 | D:11     | You fall into a shaft and drop 2 floors!
  4083 | D:12     | Noticed a slime creature
  4088 | D:12     | Noticed a cyclops
  4099 | D:13     | Noticed a slime creature
  4099 | D:13     | Noticed a slime creature
  4102 | D:13     | Noticed a centaur warrior
  4102 | D:13     | Noticed a vampire mosquito
  4102 | D:13     | Noticed a vampire mosquito
  4102 | D:13     | Noticed a vampire mosquito
  4103 | D:13     | Noticed a vampire mosquito
  4103 | D:13     | Shot with an arrow by a centaur warrior

Illustrated notes

Levels and vault maps discovered:
D:1:      wander_arrival_desolate, layout_loops_corners,
          hellmonk_ecumenical_altar_blasted, grunt_decor_arrowhead,
          minmay_tiny_reverse_x
D:2:      layout_basic, serial_shops, shop, minmay_ruptured
D:3:      layout_loops_ring, tgw_kikubaaqudgha, serial_shops,
          nicolae_shop_overgrown_old_shop, minmay_misc_feat_more_columns,
          uniq_grinder, uniq_sigmund, uniq_crazy_yiuf_cottage
D:4:      layout_cave_pools, minmay_fractal_squares_5, uniq_blork_the_orc,
          uniq_menkaure, uniq_pikel
D:6:      layout_layer_cave, kennysheep_potato, uniq_eustachio
D:8:      layout_rooms, kennysheep_mini, nicolae_overflow_hidden_temple,
          st_stairs_1
D:11:     layout_cave_pools, erik_lair_dragon, orc_david_3, uniq_sonja
D:12:     layout_layer_cave
D:13:     layout_basic, gammafunk_ghost_split, portal_ice_cave_entry_imps,
          uniq_jorgrun

Skill      XL: |  1  2  3  4  5  6 |
---------------+-------------------+-----
Crossbows      | 5 6 |  6.4
Fighting       | 4 5 |  5.2
Dodging        | |  1.7
Stealth        | |  1.2

Action                   |  1- 3 |  4- 6 |  7- 9 || total
-------------------------+-------+-------+-------++-------
 Fire: Hand crossbow     |    65 |    94 |    31 ||   190
 Abil: Dig               |     2 |       |       ||     2
       Shaft Self        |       |       |     4 ||     4
  Use: Potion            |       |     1 |       ||     1
Armor: Leather armour    |     3 |     9 |     4 ||    16
Dodge: Dodged            |    10 |    22 |    15 ||    47

Table legend: (Time is in decaauts)
 A = Elapsed time spent in this place.
 B = Non-inter-level travel time spent in this place.
 C = Inter-level travel time spent in this place.
 D = Time resting spent in this place.
 E = Time spent auto-exploring this place.
 F = Levels seen in this place.
 G = Mean time per level.
                   A        B        C        D        E       F      G
               +--------+--------+--------+--------+--------+-----+--------+
         Total |   4151 |   3894 |    257 |    865 |   2524 |   9 |  461.2 |
       Dungeon |   4151 |   3894 |    257 |    865 |   2524 |   9 |  461.2 |
               +--------+--------+--------+--------+--------+-----+--------+

Top non-repeatable levels by time:
     D:3: 1521 daAuts
     D:1: 895 daAuts
     D:2: 741 daAuts
     D:6: 460 daAuts
     D:8: 339 daAuts
     D:4: 146 daAuts
    D:11: 17 daAuts
    D:12: 17 daAuts
    D:13: 10 daAuts
